 Dungeon Crawl Stone Soup version 0.19-a0-27-g415f530 (webtiles) character file.

7170 jyri the Grappler (level 11, -1/88 HPs)
             Began as a Ghoul Monk on May 1, 2016.
             Was a Priest of Yredelemnul.
             Succumbed to a manticore's barbed spikes
             ... on level 11 of the Dungeon.
             The game lasted 01:09:02 (9935 turns).

jyri the Grappler (Ghoul Monk)                      Turns: 9935, Time: 01:09:03

Health: -1/88      AC: 15    Str: 19    XL:     11   Next: 11%
Magic:  17/17      EV:  7    Int:  5    God:    Yredelemnul [***...]
Gold:   414        SH:  0    Dex: 16    Spells: 0 memorised, 10 levels left

rFire  . . .     SeeInvis .     b - +0 shortbow
rCold  + . .     Gourm    .     k - +0 plate armour
rNeg   + + +     Faith    .     (shield currently unavailable)
rPois  ∞         Spirit   .     p - +0 helmet
rElec  .         Dismiss  .     y - +0 cloak
rCorr  .         Reflect  .     (no gloves)
SustAt .         Harm     .     h - +0 pair of boots
MR     .....                    s - amulet of regeneration
Stlth  ..........               (no ring)
                                E - +5 ring of dexterity

@: manticore barbs, rotting, not resistant to hostile enchantments, extremely
unstealthy
A: rotting body, claws 1, carnivore 3, cold resistance 1, negative energy
resistance 3, slow regeneration 1, torment resistance, unbreathing
a: Recall Undead Slaves, Injury Mirror, Animate Dead, Renounce Religion


You were on level 11 of the Dungeon.
You worshipped Yredelemnul.
Yredelemnul was most pleased with you.
You were not hungry.

You visited 1 branch of the dungeon, and saw 11 of its levels.

You collected 730 gold pieces.
You spent 316 gold pieces at shops.

Inventory:

Hand Weapons
 b - a +0 shortbow (weapon)
 x - a +4 quarterstaff of chaos
Missiles
 a - 238 arrows (quivered)
 m - 59 bolts
 n - 75 sling bullets
Armour
 h - a +0 pair of boots (worn)
 k - a +0 plate armour (worn)
 p - a +0 helmet (worn)
 y - a +0 cloak (worn)
 H - the +1 leather armour of Wois Gyi {SInv}
   (You found it on level 7 of the Dungeon)

   It lets you see invisible.
Magical Staves
 R - an uncursed staff of poison
Rods
 D - a +1 rod of clouds (10/10)
   (You found it on level 5 of the Dungeon)
Jewellery
 s - an amulet of regeneration (around neck)
 E - a +5 ring of dexterity (left claw)
 N - an uncursed amulet of dismissal
 Q - an uncursed amulet of magic regeneration
 Y - an uncursed ring of teleportation
Wands
 A - a wand of confusion (22/48)
 F - a wand of paralysis (7/24)
 G - a wand of polymorph (13/24)
 L - a wand of iceblast (4/15)
 M - a wand of flame (23/48)
 P - a wand of disintegration (4/24)
 S - a wand of polymorph (15/24)
 U - a wand of flame (10/48)
 V - a wand of polymorph (8/24)
Scrolls
 i - 2 scrolls of teleportation
 l - 2 scrolls of fog
 q - 4 scrolls of magic mapping
 t - 2 scrolls of immolation {unknown}
 u - a scroll of remove curse
 v - 5 scrolls of recharging
 z - 3 scrolls of amnesia
 T - 2 scrolls of enchant armour
 X - a scroll of fear {unknown}
Potions
 c - a potion of mutation
 e - 3 potions of magic
 f - 3 potions of heal wounds
 g - 3 potions of agility
 j - a potion of invisibility {unknown}
 o - 3 potions of brilliance
 r - 4 potions of flight
 w - 5 potions of curing
 B - a potion of resistance {unknown}
 C - a potion of cancellation {unknown}
 K - 2 potions of haste
 O - a potion of cure mutation {unknown}
 Z - a potion of might {unknown}
Comestibles
 d - 3 slices of pizza
 I - 6 beef jerkies
 J - 5 meat rations
 W - a chunk of flesh


   Skills:
 + Level 5.5 Fighting
 + Level 3.4 Armour
 - Level 2.6 Dodging
 - Level 2.1 Stealth
 - Level 14.0 Unarmed Combat
 - Level 10.0 Invocations


You had 10 spell levels left.
You didn't know any spells.

Dungeon Overview and Level Annotations

Branches:
Dungeon (11/15)            Temple (0/1) D:4
   Lair: D:8-11         Orc: D:9-12

Altars:
Cheibriados
Gozag
Kikubaaqudgha
Makhleb
Okawaru
Pakellas
Qazlal
Ru
Sif Muna
Vehumet
Xom
Yredelemnul
Zin
The Shining One

Shops:
D:6 *

Annotations:
D:6 Grinder


Innate Abilities, Weirdness & Mutations

Your body is rotting away.
You thrive on raw meat.
You are immune to poison.
You have sharp fingernails.
You are carnivorous and can eat meat at any time.
Your flesh is cold resistant.
You are immune to negative energy.
You regenerate slowly when monsters are visible.
You are immune to unholy pain and torment.
You can survive without breathing.


Message History

The volley of spikes hits you!
The barbed spikes become lodged in your body.
The barbs in your skin will harm you if you move.
Continue?
Uppercase [Y]es or [N]o only, please.
The barbs in your skin will harm you if you move.
Continue?
The barbed spikes dig painfully into your body as you move.
The barbed spikes dig painfully into your body as you move.
The barbed spikes dig painfully into your body as you move.
You see here 17 bolts.
The barbed spikes dig painfully into your body as you move.
* * * LOW HITPOINT WARNING * * *
The manticore flicks its tail.
The volley of spikes hits you!
The barbed spikes become lodged in your body.
* * * LOW HITPOINT WARNING * * *
The barbed spikes dig painfully into your body as you move.
* * * LOW HITPOINT WARNING * * *
The barbed spikes dig painfully into your body as you move.
You die...
Yredelemnul claims you as an undead slave.

#..# #..#
##############..#
................# ##
................######(...
######..######............
#..# #...(..H...## #..#
#..######..# #..# #@.# H#
#..# #..# #..# #<.######
########..######........
#.......................
#.................######
################..# #..#
#..# #


There were no monsters in sight!

Vanquished Creatures
  A hill giant (D:10)
  A gargoyle (D:10)
  A troll (D:10)
  A wyvern (D:9)
  A wraith (D:10)
  A yak (D:9)
  Edmund (D:5)
  3 water moccasins
  5 orc warriors
  A black bear (D:10)
  2 sky beasts
  3 phantoms
  2 necrophages (D:10)
  4 ogres
  4 centaurs
  4 giant frogs
  A gnoll sergeant (D:7)
  A water moccasin zombie (D:5)
  2 scorpions
  3 wights (D:10)
  6 killer bees
  3 electric eels (D:10)
  A howler monkey (D:10)
  2 crimson imps
  A giant frog zombie (D:6)
  2 jellies (D:5)
  A quasit (D:6)
  A hound (D:5)
  2 giant frog skeletons
  10 orc priests
  12 orc wizards
  Crazy Yiuf (D:3)
  Terence (D:3)
  2 iguanas
  8 worker ants
  A hound skeleton (D:4)
  A howler monkey zombie (D:8)
  8 gnolls
  9 adders
  2 shadow imps
  An adder skeleton (D:6)
  An adder zombie (D:5)
  3 worms
  A dart slug (D:1)
  4 giant geckos
  27 orcs
  5 giant cockroaches
  7 goblins
  8 hobgoblins
  15 jackals
  3 kobolds
  8 quokkas
  8 bats
  2 giant gecko zombies
  2 giant newts
  A jackal zombie (D:7)
  A quokka skeleton (D:5)
  A quokka zombie (D:5)
  5 rats
219 creatures vanquished.

Vanquished Creatures (collateral kills)
  An ugly thing (D:6)
  A centaur skeleton (D:10)
  3 yaks (D:8)
  A vampire (D:9)
  A sky beast (D:10)
  An ogre (D:10)
  A giant frog (D:9)
  2 killer bees (D:9)
  3 electric eels (D:10)
  An orc priest (D:8)
  An iguana (D:10)
  An orc wizard (D:9)
  4 orcs
21 creatures vanquished.

Vanquished Creatures (others)
  2 flying skulls
  An elf skeleton (D:7)
  A wight (D:10)
  A giant frog zombie (D:6)
  A dwarf skeleton (D:7)
  A necrophage skeleton (D:10)
  A worker ant zombie (D:8)
  A scorpion zombie (D:5)
  A shadow imp (D:10)
  An iguana zombie (D:10)
  3 orc zombies
  2 orc skeletons
  A gnoll zombie (D:7)
  A quokka zombie (D:7)
18 creatures vanquished.

Grand Total: 258 creatures vanquished

Notes
Turn   | Place    | Note
--------------------------------------------------------------
     0 | D:1      | jyri the Ghoul Monk began the quest for the Orb.
     0 | D:1      | Reached XP level 1. HP: 19/19 MP: 0/0
   322 | D:1      | Reached XP level 2. HP: 13/26 MP: 1/1
   609 | D:1      | Reached skill level 5 in Unarmed Combat
   615 | D:1      | Reached XP level 3. HP: 18/31 MP: 2/2
  1221 | D:2      | Reached skill level 6 in Unarmed Combat
  1221 | D:2      | Reached XP level 4. HP: 37/38 MP: 3/3
  1688 | D:3      | Noticed Terence
  1701 | D:3      | Killed Terence
  1701 | D:3      | Reached XP level 5. HP: 41/45 MP: 4/4
  1721 | D:3      | Reached skill level 7 in Unarmed Combat
  1896 | D:3      | Noticed Crazy Yiuf
  1907 | D:3      | Killed Crazy Yiuf
  1907 | D:3      | Reached XP level 6. HP: 44/51 MP: 5/5
  1971 | D:3      | Reached skill level 8 in Unarmed Combat
  2178 | D:3      | Found an oddly glowing altar of Pakellas.
  2183 | D:3      | Found a basalt altar of Yredelemnul.
  2203 | D:3      | Became a worshipper of Yredelemnul the Dark
  2203 | D:3      | Reached * piety under Yredelemnul
  2203 | D:3      | Reached ** piety under Yredelemnul
  2493 | D:4      | Found a staircase to the Ecumenical Temple.
  2842 | D:4      | Reached XP level 7. HP: 52/54 MP: 6/6
  3139 | D:4      | Reached skill level 9 in Unarmed Combat
  3170 | D:4      | Found a sacrificial altar of Ru.
  3275 | D:5      | Entered Level 5 of the Dungeon
  3379 | D:5      | Found an opulent altar of Gozag.
  3501 | D:5      | Reached skill level 10 in Unarmed Combat
  3602 | D:5      | Reached XP level 8. HP: 42/63 MP: 7/7
  3728 | D:5      | Found a stormy altar of Qazlal.
  4018 | D:5      | Found a snail-covered altar of Cheibriados.
  4018 | D:5      | Found a glowing silver altar of Zin.
  4019 | D:5      | Found a radiant altar of Vehumet.
  4077 | D:5      | Noticed Edmund
  4095 | D:5      | Killed Edmund
  4095 | D:5      | Reached skill level 11 in Unarmed Combat
  4276 | D:6      | Identified a +1 rod of clouds (10/10) (You found it on level 5 of the Dungeon)
  4287 | D:6      | Noticed a green ugly thing
  4476 | D:6      | Noticed Grinder
  4853 | D:7      | Reached skill level 12 in Unarmed Combat
  4855 | D:7      | Reached *** piety under Yredelemnul
  4940 | D:7      | Got a transparent leather armour
  4951 | D:7      | Identified the +1 leather armour of Wois Gyi {SInv} (You found it on level 7 of the Dungeon)
  5465 | D:7      | Reached XP level 9. HP: 50/70 MP: 8/8
  5522 | D:8      | Found a sacrificial altar of Ru.
  5568 | D:8      | Reached skill level 13 in Unarmed Combat
  6029 | D:8      | Found an iron altar of Okawaru.
  6354 | D:9      | Found a deep blue altar of Sif Muna.
  6417 | D:8      | Reached skill level 14 in Unarmed Combat
  6547 | D:9      | Received a gift from Yredelemnul
  6676 | D:9      | Reached skill level 5 in Invocations
  6679 | D:9      | Reached XP level 10. HP: 74/77 MP: 12/12
  6849 | D:9      | Found an ancient bone altar of Kikubaaqudgha.
  7154 | D:9      | Found a shimmering altar of Xom.
  7155 | D:9      | Found a burning altar of Makhleb.
  7330 | D:10     | Entered Level 10 of the Dungeon
  7330 | D:10     | Found an iron altar of Okawaru.
  7879 | D:11     | Noticed a cyclops
  7939 | D:10     | Noticed a hill giant
  7943 | D:10     | Noticed a gargoyle
  7958 | D:10     | HP: 2/77 [two-headed ogre/giant spiked club (6)]
  8391 | D:6      | Received a gift from Yredelemnul
  8487 | D:6      | Killed a green ugly thing
  8487 | D:6      | Reached skill level 10 in Invocations
  8576 | D:6      | Found Deicusuh's Assorted Antiques.
  8580 | D:6      | Bought a scroll labeled EHIFYMAUVIO for 29 gold pieces
  8580 | D:6      | Bought a scroll labeled XOGREDONOLA for 29 gold pieces
  8580 | D:6      | Bought a glass ring for 145 gold pieces
  8580 | D:6      | Bought a scroll of remove curse for 87 gold pieces
  8580 | D:6      | Bought an orange potion for 26 gold pieces
  8599 | D:6      | Found a glowing golden altar of the Shining One.
  8712 | D:6      | Reached skill level 1 in Armour
  9564 | D:10     | Reached XP level 11. HP: 75/85 MP: 17/17
  9627 | D:10     | Reached skill level 5 in Fighting
  9672 | D:10     | Killed a hill giant
  9926 | D:11     | Noticed a manticore
  9934 | D:11     | HP: 4/88 [barbs]
  9935 | D:11     | Succumbed to a manticore's barbed spikes

Vault maps used:
D:1:      dpeg_arrival_water_fire
D:3:      gammafunk_temple_overflow_statue, first_bread, minmay_crystal_room,
          uniq_terence, uniq_crazy_yiuf_cottage
D:4:      marbit_many_paths, temple_hall, st_stairs_1
D:5:      nicolae_qazlal_general_emergency, grunt_gozag_breadcrumbs,
          gammafunk_temple_overflow_claw, uniq_edmund
D:6:      hangedman_cross_stitches, serial_shops, shop, tso_altar, uniq_grinder
D:7:      grunt_ogre_cave
D:8:      old_standard_altar, basic_altar
D:9:      grunt_temple_overflow_champion_of_chaos, lemuel_round_altar,
          lemuel_crystal_altar, grunt_ministairs_8
D:10:     basic_altar, kennysheep_boxes
D:11:     erik_lair_island, orc_0_dummy, eino_jars, uniq_maurice, uniq_urug,
          uniq_erolcha

Skill      XL: |  1  2  3  4  5  6  7  8  9 10 11 |
---------------+----------------------------------+-----
Unarmed Combat | 5 6 7 8 10 12 14 | 14.0
Invocations    | 5 10 | 10.0
Armour         | 2 3 |  3.4
Fighting       | 4 5 |  5.5
Dodging        | |  2.6
Stealth        | |  2.1

Action                   |  1- 3 |  4- 6 |  7- 9 | 10-12 || total
-------------------------+-------+-------+-------+-------++-------
Melee: Unarmed           |    86 |   165 |   366 |   243 ||   860
       Punch             |     1 |     3 |    12 |    11 ||    27
 Fire: Shortbow          |       |       |     3 |     9 ||    12
Invok: Animate Remains   |       |     1 |     6 |       ||     7
       Animate Dead      |       |       |     9 |     6 ||    15
       Recall Undead Sla |       |       |       |     1 ||     1
Evoke: Wand              |       |       |       |     1 ||     1
  Use: Scroll            |       |    10 |     2 |     8 ||    20
       Potion            |       |     1 |     2 |     4 ||     7
 Stab: Distracted        |       |       |     2 |     3 ||     5
  Eat: Chunk             |    12 |    14 |    36 |    31 ||    93
Armor: Robe              |     2 |       |       |       ||     2
       Ring mail         |    19 |    49 |       |       ||    68
       Plate armour      |       |    12 |   191 |   132 ||   335
Dodge: Dodged            |    36 |    99 |    68 |    71 ||   274
